 Dungeon Crawl Stone Soup version 0.23.2-33-g5129a83184 (webtiles) character file.

Game seed: 14445456149499887878

102 ANON1729 the Skirmisher (level 4, -5/37 HPs)
             Began as a Demonspawn Monk on Aug 11, 2019.
             Slain by Crazy Yiuf
             ... wielding a +3 quarterstaff of chaos
              (13 damage)
             ... on level 2 of the Dungeon.
             The game lasted 00:02:45 (2613 turns).

ANON1729 the Skirmisher (Demonspawn Monk)           Turns: 2613, Time: 00:02:45

Health: -5/37      AC:  4    Str: 11    XL:     4   Next: 49%
Magic:  4/4        EV: 14    Int: 13    God:
Gold:   91         SH:  0    Dex: 15    Spells: 3/3 levels left

rFire    + . .     SeeInvis .   A - +4 hand axe
rCold    x . .     Gourm    .   (no shield)
rNeg     + . .     Faith    .   b - +0 robe
rPois    .         Spirit   .   (no helmet)
rElec    .         Reflect  .   (no cloak)
rCorr    .         Harm     .   (no gloves)
MR       .....                  (no boots)
Stlth    ++........             r - amulet of inaccuracy (curse)
HPRegen  0.12/turn              v - ring of positive energy
MPRegen  0.09/turn              y - ring of fire

@: lethally poisoned (-5 -> -9)
A: slimy green scales 1, powered by pain 1, rot immunity
a: no special abilities


You were on level 2 of the Dungeon.
You were hungry.

You visited 1 branch of the dungeon, and saw 3 of its levels.

You collected 91 gold pieces.

Inventory:

Hand Weapons
 a - a +0 spear
 A - a +4 hand axe (weapon)
Armour
 b - a +0 robe (worn)
 z - a cursed +0 shield
Jewellery
 r - a cursed amulet of inaccuracy (around neck)
 v - a ring of positive energy (left hand)
 y - a ring of fire (right hand)
Scrolls
 d - 2 scrolls of blinking {unknown}
 e - 4 scrolls of teleportation
 f - 5 scrolls of identify {unknown}
 h - 2 scrolls of remove curse {unknown}
 k - a scroll of amnesia {unknown}
 m - a scroll of fog {unknown}
 p - 2 scrolls of enchant armour {unknown}
 s - a scroll of immolation {unknown}
 t - a scroll of magic mapping {unknown}
 w - a scroll of fear {unknown}
Potions
 g - 4 potions of curing {unknown}
 i - a potion of degeneration {unknown}
 j - 2 potions of heal wounds {unknown}
 l - a potion of mutation {unknown}
 n - a potion of agility {unknown}
 o - a potion of might {unknown}
 q - a potion of flight {unknown}
 x - a potion of berserk rage {unknown}
Comestibles
 c - 8 rations


   Skills:
 + Level 3.6 Fighting
 + Level 3.3 Polearms
 + Level 3.4 Dodging
 + Level 2.7 Stealth


You had 3 spell levels left.
You didn't know any spells.
Your spell library was empty.

Dungeon Overview and Level Annotations

Branches:
Dungeon (3/15)

Altars:
Vehumet

Annotations:
D:2 Crazy Yiuf


Innate Abilities, Weirdness & Mutations

You are partially covered in slimy green scales. (AC +2)
You sometimes gain a little power by taking damage.
You are immune to rotting.


Message History

Crazy Yiuf closely misses you.
You miss Crazy Yiuf.
Crazy Yiuf says, "Hack!
Island dark rumpyflump."
Crazy Yiuf hits you with a +3 quarterstaff of chaos!
You closely miss Crazy Yiuf.
Crazy Yiuf hits you with a +3 quarterstaff of chaos.
You are electrocuted!
You closely miss Crazy Yiuf. Crazy Yiuf barely misses you.
Crazy Yiuf hits you with a +3 quarterstaff of chaos.
* * * LOW HITPOINT WARNING * * *
You are poisoned.
You hit Crazy Yiuf but do no damage.
You feel sick. Crazy Yiuf closely misses you.
You hit Crazy Yiuf.
Crazy Yiuf is lightly wounded.
You feel sick. Crazy Yiuf closely misses you.
You miss Crazy Yiuf.
Crazy Yiuf is lightly wounded.
Crazy Yiuf hits you with a +3 quarterstaff of chaos!
You die...

#..# ####.# #.
#..# #.# #. #..#
#.# #. #..# ###
#. #..## #.
##...## ♣♣♣♣♣##
#. #.....## ###
♣♣♣.♣...### #.
#....>.#
#...#♣..♣......##
#. #.....##
#...g@♣♣♣♣......#
#. ##...##
#)..#♣♣
♣♣..#..#####.
#.### ###
♣♣###.......
#.##### ##.######
#.....# #..#
#..#### ### ####
#..# #.# #..# #.#
#..# #.#


You could see Crazy Yiuf.

Vanquished Creatures
  2 adders
  An ooze (D:1)
  3 dart slugs
  2 leopard geckos
  7 orcs (D:3)
  3 giant cockroaches
  12 goblins
  6 hobgoblins
  8 jackals
  4 bats
  A frilled lizard (D:3)
  6 kobolds
  4 rats
59 creatures vanquished.

Notes
Turn   | Place    | Note
-------+----------+-------------------------------------------
     0 | D:1      | ANON1729 the Demonspawn Monk began the quest for the Orb.
     0 | D:1      | Reached XP level 1. HP: 18/18 MP: 1/1
   259 | D:1      | Gained mutation: You sometimes gain a little power by
                  | taking damage. [demonic ancestry]
   259 | D:1      | Reached XP level 2. HP: 23/24 MP: 2/2
   836 | D:1      | Gained mutation: You are partially covered in slimy green
                  | scales. (AC +2) [demonic ancestry]
   836 | D:1      | Reached XP level 3. HP: 21/29 MP: 3/3
  1429 | D:2      | Found a runed translucent door.
  1430 | D:2      | Noticed Crazy Yiuf
  1950 | D:3      | Gained mutation: You are immune to rotting. [demonic
                  | ancestry]
  1950 | D:3      | Reached XP level 4. HP: 28/35 MP: 4/4
  2331 | D:3      | Found a radiant altar of Vehumet.
  2613 | D:2      | Slain by Crazy Yiuf

Skill      XL: |  1  2 |
---------------+-------+-----
Stealth        | 2 |  2.7
Dodging        | 3 |  3.4
Polearms       | 3 |  3.3
Fighting       | |  3.6

Action                   |  1- 3 |  4- 6 || total
-------------------------+-------+-------++-------
Melee: Spear             |   175 |    37 ||   212
       Hand axe          |       |    16 ||    16
  Use: Scroll            |       |     1 ||     1
 Stab: Sleeping          |     6 |     3 ||     9
       Distracted        |     1 |       ||     1
  Eat: Chunk             |     3 |     2 ||     5
Armor: Robe              |    33 |     8 ||    41
Dodge: Dodged            |    90 |    19 ||   109
